[Event "CZE-ch Junior 2020"]
[Site "Kouty nad Desnou"]
[Date "2020.03.08"]
[Round "3.1"]
[White "Finek, Vaclav"]
[Black "Brejnik, Gustav"]
[Result "1-0"]
[ECO "A06"]
[WhiteElo "2211"]
[BlackElo "2259"]
[Annotator "ChessBase"]
[PlyCount "47"]
[EventDate "2020.03.07"]
[EventCountry "CZE"]
[SourceTitle "playchess.com"]
[Source "ChessBase"]
[SourceQuality "1"]
[TimeControl "5400+30"]

1. Nf3 d5 2. d4 Bf5 3. c4 e6 4. Nc3 c6 5. Qb3 Na6 6. Qxb7 Nb4 7. Ne5 Nc2+ 8. Kd1 Ne7 9. Nb5 Rc8 10. c5 cxb5 11. e3 a6 12. Qxa6 Nxa1 13. Bxb5+ Nc6 14. Nxc6 Rxc6 15. Qxc6+ Ke7 16. e4 Kf6 17. exf5 Be7 18. fxe6 Qa8 19. Qc7 Qb8 20. Bg5+ Kxg5 21. Qxe7+ Kg6 22. Qxf7+ Kh6 23. g4 g6 24. h4 1-0

[Event "CZE-ch Junior 2020"]
[Site "Kouty nad Desnou"]
[Date "2020.03.08"]
[Round "3.2"]
[White "Cerny, David"]
[Black "Eret, Jonas"]
[Result "1/2-1/2"]
[ECO "C01"]
[WhiteElo "2181"]
[BlackElo "2211"]
[Annotator "ChessBase"]
[PlyCount "62"]
[EventDate "2020.03.07"]
[EventCountry "CZE"]
[SourceTitle "playchess.com"]
[Source "ChessBase"]
[SourceQuality "1"]
[TimeControl "5400+30"]

1. e4 e6 2. d4 d5 3. exd5 exd5 4. c4 c6 5. cxd5 cxd5 6. Bb5+ Bd7 7. Qe2+ Qe7 8. Qxe7+ Bxe7 9. Bxd7+ Nxd7 10. Nc3 Ngf6 11. Nf3 O-O 12. O-O a6 13. Bg5 h6 14. Bh4 g5 15. Bg3 Rac8 16. a3 Nb6 17. Ne5 Nh5 18. f3 Nxg3 19. hxg3 Rfd8 20. Rfe1 Bf6 21. f4 Kg7 22. Kh2 Rc7 23. Re2 Re7 24. Rae1 Nc4 25. Nd1 Nd6 26. Nf2 gxf4 27. gxf4 h5 28. Rc1 Nf5 29. Rd2 Rde8 30. Rc5 Rd8 31. Rc1 Bh4 1/2-1/2

[Event "CZE-ch Junior 2020"]
[Site "Kouty nad Desnou"]
[Date "2020.03.08"]
[Round "3.3"]
[White "Riha, Vojtech"]
[Black "Stinka, Jakub"]
[Result "1/2-1/2"]
[ECO "B20"]
[WhiteElo "2306"]
[BlackElo "2263"]
[Annotator "ChessBase"]
[PlyCount "127"]
[EventDate "2020.03.07"]
[EventCountry "CZE"]
[SourceTitle "playchess.com"]
[Source "ChessBase"]
[SourceQuality "1"]
[TimeControl "5400+30"]

1. e4 c5 2. b4 cxb4 3. a3 b3 4. cxb3 d5 5. exd5 Nf6 6. Nc3 Nxd5 7. Qf3 Nf6 8. Bb5+ Nbd7 9. d4 g6 10. Qe2 Bg7 11. Nf3 O-O 12. O-O a6 13. Bd3 Nb6 14. h3 Be6 15. b4 Rc8 16. Bd2 Bc4 17. Rac1 Bxd3 18. Qxd3 Nc4 19. Na4 b5 20. Nc5 e5 21. dxe5 Qxd3 22. Nxd3 Nd7 23. Bf4 Nxa3 24. Rfe1 Nc4 25. e6 fxe6 26. Rxe6 Ndb6 27. Be3 Nxe3 28. Rxc8 Rxc8 29. Rxb6 Nc2 30. Rxa6 Rd8 31. Nc5 Nxb4 32. Rb6 Bf8 33. Rxb5 Rd1+ 34. Kh2 Bd6+ 35. g3 Bxc5 36. Rxc5 Nd3 37. Rc8+ Kg7 38. Rc7+ Kg8 39. Kg2 Ne1+ 40. Nxe1 Rxe1 41. g4 g5 42. Rc5 h6 43. h4 gxh4 44. Rh5 Kg7 45. Rxh4 Kg6 46. Rh5 Ra1 47. Rb5 Ra4 48. Kg3 Rc4 49. Rb6+ Kg7 50. f4 Rc3+ 51. Kh4 Rc1 52. f5 Rh1+ 53. Kg3 Rf1 54. Rb7+ Kg8 55. Ra7 h5 56. Kh4 hxg4 57. Kxg4 Rb1 58. Kg5 Rb6 59. f6 Rb1 60. Kg6 Rg1+ 61. Kf5 Rf1+ 62. Kg6 Rg1+ 63. Kf5 Rf1+ 64. Ke4 1/2-1/2

[Event "CZE-ch Junior 2020"]
[Site "Kouty nad Desnou"]
[Date "2020.03.08"]
[Round "3.4"]
[White "Bulockin, Martin"]
[Black "Sramek, Vojtech"]
[Result "1/2-1/2"]
[ECO "D02"]
[WhiteElo "2218"]
[BlackElo "2181"]
[Annotator "ChessBase"]
[PlyCount "71"]
[EventDate "2020.03.07"]
[EventCountry "CZE"]
[SourceTitle "playchess.com"]
[Source "ChessBase"]
[SourceQuality "1"]
[TimeControl "5400+30"]

1. d4 d5 2. Nf3 e6 3. g3 Nf6 4. Bg2 c6 5. O-O Be7 6. Nbd2 O-O 7. c4 b6 8. Qc2 Bb7 9. b3 Nbd7 10. Bb2 Rc8 11. Ne5 c5 12. e3 Qc7 13. Nxd7 Qxd7 14. dxc5 dxc4 15. Bxb7 Qxb7 16. Nxc4 Rxc5 17. Qe2 Rd8 18. Rfd1 Rcd5 19. Ne5 Ne4 20. Rxd5 Qxd5 21. Nf3 Bf6 22. Bxf6 Nxf6 23. Rc1 g6 24. Kg2 Ne4 25. Qc4 Qxc4 26. Rxc4 Nc5 27. b4 Nd3 28. b5 Rd5 29. Rd4 Rxd4 30. Nxd4 Nc5 31. Kf3 Kf8 32. Nc6 a6 33. bxa6 Nxa6 34. e4 Ke8 35. e5 Kd7 36. Nd4 1/2-1/2

[Event "CZE-ch Junior 2020"]
[Site "Kouty nad Desnou"]
[Date "2020.03.08"]
[Round "3.6"]
[White "Sprenar, Petr"]
[Black "Simet, Martin"]
[Result "1-0"]
[ECO "E04"]
[WhiteElo "2302"]
[BlackElo "2218"]
[Annotator "ChessBase"]
[PlyCount "65"]
[EventDate "2020.03.07"]
[EventCountry "CZE"]
[SourceTitle "playchess.com"]
[Source "ChessBase"]
[SourceQuality "1"]
[TimeControl "5400+30"]

1. d4 Nf6 2. c4 e6 3. g3 d5 4. Nf3 dxc4 5. Bg2 Bd7 6. Ne5 Bc6 7. Nxc6 Nxc6 8. O-O Qd7 9. Nc3 Rd8 10. e3 a6 11. Qe2 Na5 12. Bd2 Bb4 13. a3 Be7 14. Rad1 b5 15. e4 Nb3 16. Be3 O-O 17. f4 c6 18. g4 Qa7 19. g5 Nd7 20. e5 Qc7 21. Qh5 Rfe8 22. Rf3 g6 23. Qh6 Bf8 24. Qh4 c5 25. d5 Nd4 26. Rh3 h6 27. d6 Qb6 28. gxh6 Nf5 29. Qg5 Rb8 30. Be4 Qd8 31. Qg2 Kh7 32. Bxf5 gxf5 33. Kf2 1-0

[Event "CZE-ch Junior 2020"]
[Site "Kouty nad Desnou"]
[Date "2020.03.09"]
[Round "4.5"]
[White "Eret, Jonas"]
[Black "Riha, Vojtech"]
[Result "1-0"]
[ECO "A48"]
[WhiteElo "2211"]
[BlackElo "2306"]
[Annotator "RC"]
[PlyCount "161"]
[EventDate "2020.03.07"]
[EventCountry "CZE"]
[SourceTitle "playchess.com"]
[Source "ChessBase"]
[SourceQuality "1"]
[TimeControl "5400+30"]

1. d4 Nf6 2. Nf3 g6 3. Bf4 Bg7 4. e3 d6 5. h3 O-O 6. Be2 b6 7. O-O Bb7 8. Nbd2 Nbd7 9. a4 a5 10. c3 Nd5 11. Bh2 e5 12. Qb3 Qe7 13. Bc4 N5f6 14. Rfd1 e4 15. Ne1 Kh8 16. Nc2 g5 17. Be2 Ne8 18. Rf1 f5 19. f3 Nef6 20. f4 g4 21. hxg4 Nxg4 22. Bxg4 fxg4 23. Bg3 Rf5 24. Kf2 Bd5 25. Qa3 h5 26. Rh1 Bf6 27. Rh2 Kg7 28. Rah1 Rh8 29. Bh4 Bxh4+ 30. Rxh4 Nf8 31. c4 Ng6 32. g3 Nxh4 33. Rxh4 Be6 34. d5 Bd7 35. Nd4 Rff8 36. Qc3 Kg6 37. Qc2 Re8 38. Nb1 Rhf8 39. Nc3 Kh6 40. Ke1 Qh7 41. Qh2 Qg6 42. Qc2 Qh7 43. Nce2 Bf5 44. Nb5 Rf7 45. Ned4 Qg6 46. Qc3 Qf6 47. Qd2 Qg7 48. Nxc7 Rc8 49. Ncb5 Qg6 50. b3 Bd7 51. Nc3 Re8 52. Qh2 Ree7 53. Nc2 Rh7 54. Qd2 Rh8 55. Ne2 Rf8 56. Ned4 Rc8 57. Ke2 Rf7 58. Ne1 Qf6 59. Ng2 Re7 60. Qe1 Rf7 61. f5 Bxf5 62. Rxh5+ Kxh5 63. Qh1+ Kg6 64. Nf4+ Kg7 65. Nh5+ Kg6 66. Nxf6 Rxf6 67. Nxf5 Rxf5 68. Qxe4 Kg5 69. Qe7+ Rf6 70. Qg7+ Rg6 71. Qb7 Rf8 72. Qxb6 Rf3 73. Qd8+ Rgf6 74. c5 dxc5 75. d6 Kh5 76. Qe8+ Kh6 77. Qh8+ Kg6 78. Qg8+ Kh5 79. Qh7+ Kg5 80. Qh4+ Kf5 81. d7 1-0

[Event "CZE-ch Junior 2020"]
[Site "Kouty nad Desnou"]
[Date "2020.03.09"]
[Round "4.6"]
[White "Finek, Vaclav"]
[Black "Cerny, David"]
[Result "1/2-1/2"]
[ECO "A37"]
[WhiteElo "2211"]
[BlackElo "2181"]
[Annotator "ChessBase"]
[PlyCount "76"]
[EventDate "2020.03.07"]
[EventCountry "CZE"]
[SourceTitle "playchess.com"]
[Source "ChessBase"]
[SourceQuality "1"]
[TimeControl "5400+30"]

1. Nf3 g6 2. c4 Bg7 3. g3 c5 4. Bg2 Nc6 5. Nc3 d6 6. O-O Bg4 7. h3 Bd7 8. e3 Nf6 9. d4 O-O 10. b3 e5 11. Bb2 Qe7 12. Nd5 Nxd5 13. cxd5 e4 14. Nd2 Nb4 15. Nxe4 Nxd5 16. Qd2 Nf6 17. Nxf6+ Bxf6 18. Bxb7 Bxh3 19. Bxa8 Bxf1 20. Rxf1 Rxa8 21. dxc5 Bxb2 22. Qxb2 dxc5 23. Rc1 Rd8 24. Qc2 Rd5 25. a4 Qd7 26. Qe2 h5 27. e4 Rd2 28. Qe3 Rd1+ 29. Rxd1 Qxd1+ 30. Kh2 Qd4 31. Qf3 c4 32. bxc4 Qxc4 33. a5 Qa4 34. Qc3 Qxe4 35. Qc8+ Kg7 36. Qc3+ Kg8 37. Qc8+ Kg7 38. Qc3+ Kg8 1/2-1/2

[Event "CZE-ch Junior 2020"]
[Site "Kouty nad Desnou"]
[Date "2020.03.09"]
[Round "5.1"]
[White "Cerny, David"]
[Black "Brejnik, Gustav"]
[Result "0-1"]
[ECO "A21"]
[WhiteElo "2181"]
[BlackElo "2259"]
[Annotator "ChessBase"]
[PlyCount "108"]
[EventDate "2020.03.07"]
[EventCountry "CZE"]
[SourceTitle "playchess.com"]
[Source "ChessBase"]
[SourceQuality "1"]
[TimeControl "5400+30"]

1. c4 e5 2. Nc3 Bb4 3. g3 Bxc3 4. bxc3 d6 5. Bg2 Ne7 6. d4 Nbc6 7. e4 O-O 8. Ne2 f5 9. O-O Qe8 10. Be3 Qh5 11. f4 fxe4 12. Bxe4 Bg4 13. Rf2 exf4 14. gxf4 Nf5 15. Qd2 Rae8 16. Bd5+ Kh8 17. Ng3 Nxg3 18. hxg3 Qh3 19. Rg2 Be6 20. Bf3 Bxc4 21. Bf2 Qf5 22. Rh2 Qd3 23. Qxd3 Bxd3 24. Rh5 Rf5 25. Rxf5 Bxf5 26. Re1 Rxe1+ 27. Bxe1 Na5 28. Bd5 c6 29. Bb3 Bd3 30. Kf2 g6 31. c4 Nxc4 32. Bxc4 Bxc4 33. a3 c5 34. Ke3 Kg7 35. Ke4 Kf6 36. Bc3 Ke6 37. dxc5 dxc5 38. Be5 Bd5+ 39. Ke3 Kd7 40. Kd3 b6 41. Kc3 Kc6 42. Bf6 Kd7 43. Be5 b5 44. Bg7 a5 45. Bf8 b4+ 46. axb4 axb4+ 47. Kd3 Kc6 48. Be7 Be6 49. Bf8 Kb5 50. Kc2 Bf5+ 51. Kb2 c4 52. Be7 c3+ 53. Kb3 Be6+ 54. Kc2 Kc4 0-1

[Event "CZE-ch Junior 2020"]
[Site "Kouty nad Desnou"]
[Date "2020.03.09"]
[Round "5.2"]
[White "Riha, Vojtech"]
[Black "Finek, Vaclav"]
[Result "1-0"]
[ECO "C47"]
[WhiteElo "2306"]
[BlackElo "2211"]
[Annotator "ChessBase"]
[PlyCount "103"]
[EventDate "2020.03.07"]
[EventCountry "CZE"]
[SourceTitle "playchess.com"]
[Source "ChessBase"]
[SourceQuality "1"]
[TimeControl "5400+30"]

1. e4 e5 2. Nf3 Nf6 3. Nc3 Nc6 4. d4 exd4 5. Nd5 Nb4 6. Nxd4 Nxe4 7. Nb5 Nxd5 8. Qxd5 Nc5 9. Be3 Ne6 10. Nxa7 c6 11. Qd2 d5 12. Nxc8 Rxc8 13. c3 Bd6 14. Bd3 Qh4 15. g3 Qf6 16. f4 O-O 17. O-O Bc5 18. Rae1 d4 19. cxd4 Bxd4 20. Bxd4 Qxd4+ 21. Re3 Rcd8 22. Qf2 Qf6 23. Rfe1 Rd7 24. Bc4 Nc7 25. Re5 Qd6 26. Kg2 Qd4 27. Qxd4 Rxd4 28. Bb3 Nd5 29. Kf3 g6 30. Bxd5 cxd5 31. Ke3 Rb4 32. b3 Rd8 33. Kd3 Kf8 34. Rc1 Rd7 35. Rc5 d4 36. Rc4 Rxc4 37. bxc4 Kg7 38. Rd5 Re7 39. Rxd4 Re1 40. Kc3 Rh1 41. Rd2 Kf6 42. Rb2 h5 43. a4 Rc1+ 44. Kb4 b6 45. Kb5 h4 46. gxh4 Kf5 47. Rb4 Rf1 48. Kxb6 Rxf4 49. a5 Rxh4 50. a6 Rxh2 51. a7 Ra2 52. Rb5+ 1-0

[Event "CZE-ch Junior 2020"]
[Site "Kouty nad Desnou"]
[Date "2020.03.09"]
[Round "5.4"]
[White "Mica, Marek"]
[Black "Stinka, Jakub"]
[Result "1/2-1/2"]
[ECO "D37"]
[WhiteElo "2306"]
[BlackElo "2263"]
[Annotator "ChessBase"]
[PlyCount "84"]
[EventDate "2020.03.07"]
[EventCountry "CZE"]
[SourceTitle "playchess.com"]
[Source "ChessBase"]
[SourceQuality "1"]
[TimeControl "5400+30"]

1. d4 Nf6 2. Nf3 e6 3. c4 d5 4. Nc3 Be7 5. Bg5 Nbd7 6. cxd5 Nxd5 7. Bxe7 Qxe7 8. Nxd5 exd5 9. e3 O-O 10. Bd3 Nf6 11. O-O Bg4 12. h3 Bh5 13. Rc1 c6 14. Be2 Ne4 15. Ne5 Bxe2 16. Qxe2 a5 17. Kh2 f6 18. Nd3 a4 19. a3 Nd6 20. Nc5 f5 21. f4 Rfe8 22. Rf3 Nc4 23. Rxc4 dxc4 24. Qxc4+ Qf7 25. Qc2 b5 26. Nd3 Qb3 27. Qd2 Rad8 28. g4 Qd5 29. Qf2 Re6 30. Rg3 fxg4 31. Rxg4 Qf5 32. Ne5 c5 33. Qg2 Qf6 34. dxc5 Rxe5 35. fxe5 Qxe5+ 36. Rg3 h5 37. h4 Rd3 38. c6 Rxe3 39. c7 Qxc7 40. Qd5+ Kf8 41. Qf5+ Kg8 42. Qd5+ Kf8 1/2-1/2

[Event "CZE-ch Junior 2020"]
[Site "Kouty nad Desnou"]
[Date "2020.03.09"]
[Round "5.5"]
[White "Sprenar, Petr"]
[Black "Sramek, Vojtech"]
[Result "1/2-1/2"]
[ECO "A50"]
[WhiteElo "2302"]
[BlackElo "2181"]
[Annotator "ChessBase"]
[PlyCount "93"]
[EventDate "2020.03.07"]
[EventCountry "CZE"]
[SourceTitle "playchess.com"]
[Source "ChessBase"]
[SourceQuality "1"]
[TimeControl "5400+30"]

1. d4 Nf6 2. c4 b6 3. Nc3 Bb7 4. Qc2 d5 5. Bg5 dxc4 6. e3 g6 7. Nf3 Bg7 8. Bxc4 O-O 9. O-O Nc6 10. Rfd1 Qc8 11. Nd5 Qd7 12. Nxf6+ exf6 13. Bf4 Ne7 14. Be2 Nd5 15. Bg3 Qe7 16. a3 Rfe8 17. Bc4 Rac8 18. Qb3 Red8 19. Ne1 c5 20. dxc5 Rxc5 21. Nd3 Rcc8 22. Nb4 Nxb4 23. axb4 Bc6 24. b5 Be4 25. f3 Bf5 26. Bd5 Be6 27. Bxe6 fxe6 28. Be1 f5 29. Bb4 Qf7 30. Rac1 Rxc1 31. Rxc1 Bf8 32. Bxf8 Rxf8 33. Rc6 e5 34. Qxf7+ Rxf7 35. Re6 Rd7 36. Rxe5 Rd1+ 37. Kf2 Rd2+ 38. Kg3 Rxb2 39. Re7 Rxb5 40. Rxa7 Rb4 41. Rb7 b5 42. f4 Re4 43. Kf3 Rb4 44. h3 Rb1 45. g4 b4 46. Rb8+ Kg7 47. Rb7+ 1/2-1/2

[Event "CZE-ch Junior 2020"]
[Site "Kouty nad Desnou"]
[Date "2020.03.09"]
[Round "5.6"]
[White "Simet, Martin"]
[Black "Skalsky, Alexandr"]
[Result "0-1"]
[ECO "A45"]
[WhiteElo "2218"]
[BlackElo "2201"]
[Annotator "ChessBase"]
[PlyCount "72"]
[EventDate "2020.03.07"]
[EventCountry "CZE"]
[SourceTitle "playchess.com"]
[Source "ChessBase"]
[SourceQuality "1"]
[TimeControl "5400+30"]

1. d4 Nf6 2. Bf4 g6 3. e3 Bg7 4. Nd2 d6 5. Ngf3 c5 6. c3 O-O 7. Be2 Nc6 8. h3 cxd4 9. exd4 e5 10. dxe5 dxe5 11. Nxe5 Nd5 12. Nxc6 bxc6 13. Bg3 Re8 14. O-O Bxc3 15. Qc1 Bxb2 16. Qxb2 Rxe2 17. Rfd1 Qb6 18. Qc1 Bf5 19. Nf3 Re4 20. Qh6 f6 21. Rac1 Rae8 22. Bd6 Bd7 23. Nh4 g5 24. Nf3 R4e6 25. Bc5 Qb8 26. Rb1 Qc7 27. Rb3 Nf4 28. Rdb1 f5 29. Qxg5+ Rg6 30. Rb7 Nxh3+ 31. Kf1 Qa5 32. gxh3 Rxg5 33. Nxg5 Bc8 34. Re7 Rxe7 35. Bxe7 Qe5 36. Re1 Ba6+ 0-1

[Event "CZE-ch Junior 2020"]
[Site "Kouty nad Desnou"]
[Date "2020.03.11"]
[Round "7.2"]
[White "Bulockin, Martin"]
[Black "Cerny, David"]
[Result "1-0"]
[ECO "B50"]
[WhiteElo "2218"]
[BlackElo "2181"]
[Annotator "RC"]
[PlyCount "89"]
[EventDate "2020.03.07"]
[EventCountry "CZE"]
[SourceTitle "playchess.com"]
[Source "ChessBase"]
[SourceQuality "1"]
[TimeControl "5400+30"]

1. e4 c5 2. Nf3 d6 3. c3 Nf6 4. Be2 Nc6 5. d4 Bg4 6. d5 Bxf3 7. Bxf3 Ne5 8. Be2 g6 9. f3 Bg7 10. Be3 O-O 11. O-O a6 12. c4 Re8 13. Nc3 e6 14. f4 Ned7 15. dxe6 Rxe6 16. Bf3 Rb8 17. a4 b5 18. axb5 axb5 19. cxb5 Nb6 20. Bf2 Qc7 21. Qc2 Rbe8 22. Ra6 Nfd7 23. Nd5 Nxd5 24. exd5 R6e7 25. Rc6 Qb8 26. Qa4 Nb6 27. Qa6 Nc4 28. b6 Nd2 29. Rd1 Nxf3+ 30. gxf3 Bf6 31. Rb1 Kg7 32. b4 cxb4 33. Rxb4 Re1+ 34. Kg2 R1e2 35. Kf1 Rd2 36. b7 Qd8 37. Rc8 Bh4 38. Qa1+ Kh6 39. Rxd8 Rxf2+ 40. Kg1 Ree2 41. Qf1 Rxf1+ 42. Kxf1 Re1+ 43. Kg2 Re2+ 44. Kh3 Bf2 45. b8=Q 1-0

[Event "CZE-ch Junior 2020"]
[Site "Kouty nad Desnou"]
[Date "2020.03.12"]
[Round "8.1"]
[White "Brejnik, Gustav"]
[Black "Sramek, Vojtech"]
[Result "1/2-1/2"]
[ECO "D12"]
[WhiteElo "2259"]
[BlackElo "2181"]
[Annotator "RC"]
[PlyCount "67"]
[EventDate "2020.03.07"]
[EventCountry "CZE"]
[SourceTitle "playchess.com"]
[Source "ChessBase"]
[SourceQuality "1"]
[TimeControl "5400+30"]

1. d4 d5 2. c4 c6 3. Nf3 Nf6 4. e3 Bf5 5. Nc3 e6 6. Nh4 Bg6 7. Be2 Bd6 8. Bd2 Nbd7 9. Nxg6 hxg6 10. g3 O-O 11. O-O dxc4 12. Bxc4 e5 13. dxe5 Nxe5 14. Bb3 Qe7 15. Qe2 g5 16. f4 gxf4 17. gxf4 Ng6 18. e4 Bc5+ 19. Kh1 Rfe8 20. f5 Ne5 21. Bg5 Rad8 22. Rad1 Rxd1 23. Rxd1 Rd8 24. h3 Rxd1+ 25. Qxd1 Ned7 26. a3 Bd6 27. Qd4 Nc5 28. Bxf6 gxf6 29. Bc2 Be5 30. Qe3 Qd6 31. b4 Nd7 32. Ne2 c5 33. Bb3 cxb4 34. Qh6 1/2-1/2

[Event "CZE-ch Junior 2020"]
[Site "Kouty nad Desnou"]
[Date "2020.03.12"]
[Round "9.1"]
[White "Bulockin, Martin"]
[Black "Brejnik, Gustav"]
[Result "1/2-1/2"]
[ECO "D00"]
[WhiteElo "2218"]
[BlackElo "2259"]
[Annotator "RC"]
[PlyCount "105"]
[EventDate "2020.03.07"]
[EventType "swiss"]
[EventCountry "CZE"]
[SourceTitle "playchess.com"]
[Source "ChessBase"]
[SourceQuality "1"]
[TimeControl "5400+30"]

1. d4 d5 2. Bf4 c5 3. e3 cxd4 4. exd4 Nc6 5. c3 Bf5 6. Nd2 e6 7. Qb3 Qd7 8. Ngf3 Nge7 9. h3 a6 10. a4 h6 11. Be2 Nc8 12. O-O Bd6 13. Be3 O-O 14. Qd1 Bc7 15. b4 Nd6 16. Ne5 Nxe5 17. dxe5 Ne4 18. Nxe4 Bxe4 19. Bc5 Rfb8 20. Bd4 Qd8 21. f3 Bf5 22. Qd2 Bb6 23. Rfc1 Rc8 24. a5 Bxd4+ 25. cxd4 Rxc1+ 26. Rxc1 Rc8 27. Rc5 Rxc5 28. bxc5 Qd7 29. Qc3 Qc6 30. Qb3 g5 31. Kf2 Kg7 32. Ke3 h5 33. Bd1 Qc7 34. Qb6 Qe7 35. Qd6 Qe8 36. c6 bxc6 37. Ba4 Bb1 38. Bxc6 Qc8 39. h4 gxh4 40. Kf2 Ba2 41. Kg1 Qh8 42. Qe7 Qh6 43. Qf6+ Qxf6 44. exf6+ Kxf6 45. Kf2 Bc4 46. Ba4 Kg5 47. Ke3 Bf1 48. Kf2 Bc4 49. Ke3 f6 50. Bd7 e5 51. f4+ exf4+ 52. Kf3 Bb3 53. Bc8 1/2-1/2